 Dungeon Crawl Stone Soup version 0.27.1-3-gb3d3a73c9e (webtiles) character file.

Game seed: 12863540416710574519

590 Asher535 the Covered (level 7, -4/61 HPs)
             Began as a Minotaur Fighter on Oct 27, 2021.
             Was an Initiate of Qazlal.
             Killed from afar by a gargoyle (17 damage)
             ... with a stone arrow
             ... on level 7 of the Dungeon.
             The game lasted 00:28:38 (5099 turns).

Asher535 the Covered (Minotaur Fighter)             Turns: 5099, Time: 00:28:39

Health: -4/61      AC: 12    Str: 21    XL:     7   Next: 15%
Magic:  6/6        EV:  6    Int:  7    God:    Qazlal [......]
Gold:   166        SH: 10    Dex: 11    Spells: 6/6 levels left

rFire    . . .     SeeInvis .   l - +2 war axe (vamp)
rCold    . . .     Faith    .   c - +0 kite shield
rNeg     + . .     Spirit   .   F - +1 chain mail of the Elven Halls {*Slow rN+ Int+2}
rPois    .         Reflect  .   (helmet restricted)
rElec    .         Harm     .   (no cloak)
rCorr    .         Rampage  .   (no gloves)
Will     .....                  g - +0 pair of boots
Stlth    ..........             (no amulet)
HPRegen  0.20/turn              v - ring of wizardry
MPRegen  0.10/turn              (no ring)

@: no status effects
A: horns 2, retaliatory headbutt
a: Renounce Religion


You were on level 7 of the Dungeon.
You worshipped Qazlal.
Qazlal was noncommittal.
You visited 2 branches of the dungeon, and saw 6 of its levels.
You also visited: Ossuary.

You collected 422 gold pieces.
You spent 256 gold pieces at shops.

Inventory:

Hand Weapons
 a - a +0 long sword
 l - a +2 vampiric war axe (weapon)
Missiles
 f - 39 sling bullets
 i - 58 stones (quivered)
 j - 8 poisoned darts
 q - 3 javelins
Armour
 b - a +0 scale mail
 c - a +0 kite shield (worn)
 g - a +0 pair of boots (worn)
 w - a +0 ring mail
 F - the +1 chain mail of the Elven Halls (worn) {*Slow rN+ Int+2}
   (You bought it in a shop on level 7 of the Dungeon)

   Int:       It affects your intelligence (+2).
   rN:        It protects you from negative energy.
   *Slow:     It may slow you when you take damage.
Magical Staves
 h - a staff of death
 p - a staff of conjuration
 t - a staff of death
Jewellery
 v - a ring of wizardry (left hand)
 y - a ring of ice
Scrolls
 k - a scroll of fog {unknown}
 m - 2 scrolls of teleportation {unknown}
 n - 3 scrolls of enchant armour {unknown}
 u - a scroll of acquirement {unknown}
 x - 2 scrolls of identify {unknown}
 C - a scroll of noise {unknown}
Potions
 d - 3 potions of might
 e - 5 potions of lignification {unknown}
 o - 3 potions of curing {unknown}
 r - 2 potions of brilliance {unknown}
 s - a potion of invisibility {unknown}
 z - a potion of magic {unknown}
 A - a potion of attraction {unknown}
 B - a potion of haste
 D - a potion of resistance
 E - a potion of berserk rage {unknown}


   Skills:
 + Level 5.1 Fighting
 + Level 3.8 Long Blades
 + Level 4.8 Axes
 + Level 5.5 Armour
 + Level 1.3 Dodging
 + Level 0.3 Stealth
 + Level 5.1 Shields


You had 6 spell levels left.
You didn't know any spells.
Your spell library contained the following spells:

 Spells                   Type           Power      Damage    Failure   Level
 Foxfire                  Conj/Fire      0%         2x1d4     99%         1
 Slow                     Hex            0%         N/A       100%        2
 Confusing Touch          Hex            0%         N/A       100%        3
 Conjure Flame            Conj/Fire      0%         6-21      100%        3
 Inner Flame              Hex/Fire       0%         N/A       100%        3
 Vampiric Draining        Necr           0%         2d6       100%        3


Dungeon Overview and Level Annotations

Branches:
Dungeon (7/15)             Temple (1/1) D:7         Ossuary (visited)

Altars:
Ashenzari
Elyvilon
Fedhas
Gozag
Hepliaklqana
Makhleb
Nemelex Xobeh
Okawaru
Qazlal
Ru
Trog
Wu Jian
Xom
Yredelemnul
Zin
The Shining One

Shops:
D:3 (   D:7 [

Annotations:
D:7 2 transporters


Innate Abilities, Weirdness & Mutations

You have a pair of horns on your head.
You reflexively headbutt those who attack you in melee.


Message History

You continue taking off your +0 scale mail. x4
You finish taking off your +0 scale mail.
You start putting on your armour.
You continue putting on the +1 chain mail of the Elven Halls {*Slow rN+ Int+2}. x5
You finish putting on the +1 chain mail of the Elven Halls {*Slow rN+ Int+2}.
You feel clever.
There is a fountain of clear blue water here.
Found a stone staircase leading up.
You now have 157 gold pieces (gained 18).
You open the door.
There is an open door here.
Found 9 gold pieces.
Found a ruby ring.
Found five items.
You now have 166 gold pieces (gained 9).
You open the door.
There is an open door here.
Found a book of Frost, an emerald potion and a bubbling grey potion.
A gargoyle comes into view. It is wielding a +0 flail.
The gargoyle hurls a stone arrow at you.
The stone arrow hits you!
Found a stone staircase leading down.
You hit the gargoyle but do no damage.
You headbutt the gargoyle, but do no damage.
The gargoyle barely misses you. You furiously retaliate!
You headbutt the gargoyle, but do no damage.
The gargoyle hits you with a +0 flail!
You hit the gargoyle but do no damage.
You headbutt the gargoyle, but do no damage.
The gargoyle hits you with a +0 flail.
You hit the gargoyle but do no damage.
The gargoyle hurls a stone arrow at you.
The stone arrow hits you! The gargoyle hits you with a +0 flail.
You hit the gargoyle but do no damage. The gargoyle hits you with a +0 flail!
* * * LOW HITPOINT WARNING * * *
The gargoyle hurls a stone arrow at you.
The stone arrow misses you.
The gargoyle hurls a stone arrow at you.
The stone arrow hits you!
You die...

..## #.##.#...##..#($:#..#
.... .. #.######..#?[=#..#
...## ## #.# #..#####..# ....#
# #.# #.........# ....#.# #.#
#.........# ....#.#
#.#######........#
#.#...#..####.##............##
....#.#......9##...........##
#.#.#...........@..........#
#.#####.#######............#
........# #.........<..#
........# #.###'##...###
........# #.# #.##...#
........# #.# #..+...#
#'####### #.######...#
#.###### #......#...# #......#
######.#...######


You could see a gargoyle.

Vanquished Creatures
  2 scorpions
  A centaur zombie (D:7)
  2 hounds (D:3)
  Natasha (thrice) (D:2)
  An orc wizard (D:3)
  8 mummies (Ossuary)
  Robin (D:2)
  A gnoll (D:3)
  2 adders
  2 worms
  4 dart slugs
  4 orcs (D:3)
  9 bats
  12 endoplasms
  11 giant cockroaches
  2 gnoll zombies (Ossuary)
  14 goblins
  8 hobgoblins
  2 quokkas (D:3)
  10 ball pythons
  4 frilled lizards
  A hobgoblin zombie (Ossuary)
  8 kobolds
  3 kobold zombies (Ossuary)
  2 orc zombies (Ossuary)
  11 rats
  2 bushes (D:3)
130 creatures vanquished.

Notes
Turn   | Place    | Note
-------+----------+-------------------------------------------
     0 | D:1      | Asher535 the Minotaur Fighter began the quest for the Orb.
     0 | D:1      | Reached XP level 1. HP: 19/19 MP: 0/0
   324 | D:1      | Reached XP level 2. HP: 23/27 MP: 1/1
   638 | D:1      | Reached XP level 3. HP: 33/33 MP: 2/2
  1525 | D:2      | Noticed Natasha
  1542 | D:2      | Killed Natasha
  1543 | D:2      | Reached XP level 4. HP: 21/40 MP: 3/3
  1883 | D:2      | Noticed Natasha
  1896 | D:2      | Killed Natasha
  1976 | D:2      | Noticed Natasha
  1983 | D:2      | Killed Natasha
  1984 | D:2      | Reached XP level 5. HP: 47/47 MP: 4/4
  2065 | D:2      | Noticed Robin
  2077 | D:2      | Reached skill level 1 in Dodging
  2079 | D:2      | Killed Robin
  2080 | D:2      | Reached skill level 1 in Axes
  2593 | D:3      | Reached skill level 5 in Armour
  2704 | D:3      | Reached XP level 6. HP: 49/53 MP: 5/5
  2958 | D:3      | Found a broken altar of Ashenzari.
  2962 | D:3      | Saw a vision of the Swamp and the Snake Pit.
  2962 | D:3      | Noticed a goliath frog
  2962 | D:3      | Noticed a swamp drake
  2962 | D:3      | Noticed an anaconda
  2962 | D:3      | Noticed a naga
  2962 | D:3      | Noticed a naga mage
  2962 | D:3      | Noticed an anaconda
  2962 | D:3      | Noticed a salamander
  2962 | D:3      | Noticed a mana viper
  2962 | D:3      | Noticed a naga sharpshooter
  2978 | D:3      | Found a blossoming altar of Fedhas.
  3253 | D:3      | Found Juxteff's Antique Weapon Boutique.
  3543 | D:4      | Reached skill level 5 in Shields
  3837 | D:4      | Found a sand-covered staircase.
  3842 | Ossuary  | Entered an ossuary
  4063 | Ossuary  | Reached skill level 5 in Fighting
  4477 | D:4      | You fall into a shaft and drop 3 floors!
  4486 | D:7      | Found a transporter.
  4488 | D:7      | Found a transporter.
  4515 | D:7      | Found a stormy altar of Qazlal.
  4537 | D:7      | Became a worshipper of Qazlal Stormbringer
  4550 | D:7      | Found a staircase to the Ecumenical Temple.
  4559 | D:7      | Reached XP level 7. HP: 58/61 MP: 6/6
  4837 | Temple   | Entered the Ecumenical Temple
  4987 | D:7      | Found Javaojuk's Antique Armour Emporium.
  4995 | D:7      | Bought a faintly glowing chain mail for 256 gold pieces
  4995 | D:7      | Identified the +1 chain mail of the Elven Halls {*Slow rN+
                  | Int+2} (You bought it in a shop on level 7 of the Dungeon)
  5082 | D:7      | Noticed a gargoyle
  5099 | D:7      | Killed from afar by a gargoyle

Illustrated notes

Levels and vault maps discovered:
D:1:      dpeg_arrival_three_bigger_balls, layout_loops_ring,
          grunt_decor_one_mirror, kennysheep_decorative_pillar, minmay_tall_x
D:2:      layout_basic, uniq_natasha, uniq_robin
D:3:      minmay_bubble_buster, layout_basic, grunt_ashenzari_visionary
          [grunt_ashenzari_visionary_swamp, grunt_ashenzari_visionary_snake],
          lemuel_round_altar, serial_shops, shop, cheibrodos_gnoll_hut
D:4:      layout_gridville, grunt_dithmenos_smoke_and_mirrors,
          mainiacjoe_overflow_paths, enter_ossuary_5
D:7:      layout_basic, nicolae_qazlal_scattered_showers,
          minmay_temple_entry_mini_moons, nzn_ghost_randoct, serial_shops,
          shop_fountains, due_unseen_surprise
Temple:   nicolae_temple_god_jail

Skill      XL: |  1  2  3  4  5  6 |
---------------+-------------------+-----
Armour         | 4 5 |  5.5
Shields        | 4 5 |  5.1
Fighting       | 4 5 |  5.1
Long Blades    | 3 |  3.8
Dodging        | 1 |  1.3
Axes           | 2 4 |  4.8
Stealth        | |  0.3

Action                   |  1- 3 |  4- 6 |  7- 9 || total
-------------------------+-------+-------+-------++-------
Melee: Long sword        |   105 |       |       ||   105
       Headbutt          |    10 |    51 |     4 ||    65
       War axe           |     3 |   242 |    10 ||   255
       Unarmed           |     1 |       |       ||     1
Armor: Scale mail        |    64 |    84 |       ||   148
Dodge: Dodged            |    39 |    75 |     4 ||   118
Block: Kite shield       |    70 |   107 |     1 ||   178
       Rpst.: Long sword |     7 |       |       ||     7
